 Dungeon Crawl Stone Soup version 0.31.0-9-g3a7656b989 (webtiles) character file.

Game seed: 15867038007344683757

48 qw the Shooter (level 3, -1/20 HPs)
             Began as a Deep Elf Hunter on Feb 2, 2024.
             Slain by a hobgoblin (2 damage)
             ... on level 2 of the Dungeon.
             The game lasted 00:00:02 (1119 turns).

qw the Shooter (Deep Elf Hunter)                    Turns: 1119, Time: 00:00:03

Health: -1/20      AC:  5    Str: 10    XL:     3   Next: 50%
Magic:  5/5        EV: 11    Int: 13    God:
Gold:   43         SH:  0    Dex: 18    Spells: 2/2 levels left

rFire   . . .        a - +0 shortbow
rCold   . . .        (shield currently unavailable)
rNeg    . . .        d - +0 ring mail
rPois   .            (no helmet)
rElec   .            (no cloak)
rCorr   .            (no gloves)
SInv    .            (no boots)
Will    .....        (no amulet)
Stlth   +            (no ring)
HPRegen 0.23/turn    (no ring)
MPRegen 0.09/turn

%: no passive effects
@: no status effects
A: no striking features
a: no special abilities


You were on level 2 of the Dungeon.
You visited 1 branch of the dungeon, and saw 2 of its levels.

You collected 43 gold pieces.


   Skills:
 - Level 1.5 Fighting
 + Level 7.0 Ranged Weapons
 - Level 2.4 Dodging
 - Level 1.2 Stealth


You had 2 spell levels left.
You didn't know any spells.
Your spell library was empty.

Inventory:

Hand Weapons
 a - a +0 shortbow (weapon)
Armour
 d - a +0 ring mail (worn)
Jewellery
 g - an amulet of regeneration
Scrolls
 f - a scroll of fear {unknown}
Potions
 b - a potion of curing {unknown}
 c - a potion of ambrosia {unknown}
 e - a potion of heal wounds {unknown}

Dungeon Overview and Level Annotations

Branches:
Dungeon (2/15)

Altars:

Annotations:
D:2 Robin


Message History

A goblin comes into view. It is wielding a +0 dagger.
The goblin hits you but does no damage. x2; The goblin barely misses you.
The hobgoblin hits you.
You shoot an arrow. The arrow hits the goblin!
You kill the goblin!
The hobgoblin closely misses you. The goblin closely misses you. x2
You shoot an arrow. The arrow closely misses the goblin.
The goblin barely misses you. The hobgoblin closely misses you.
The goblin hits you but does no damage.
You shoot an arrow. The arrow barely misses the goblin.
The goblin barely misses you. The goblin hits you with a +0 club.
The hobgoblin hits you. The hobgoblin closely misses you.
The goblin barely misses you. x2
You shoot an arrow. The arrow hits the goblin!
You kill the goblin!
The goblin hits you but does no damage.
You shoot an arrow. The arrow hits the hobgoblin.
The hobgoblin is almost dead.
The hobgoblin barely misses you. The goblin hits you with a +0 club.
Robin flexes a bicep menacingly.
You shoot an arrow. The arrow closely misses the hobgoblin.
The goblin closely misses you. The hobgoblin closely misses you.
The goblin barely misses you.
You shoot an arrow. The arrow closely misses the hobgoblin.
The goblin closely misses you. x2; The hobgoblin hits you.
You shoot an arrow.
The arrow completely misses the hobgoblin.
The goblin hits you but does no damage. The goblin closely misses you.
The hobgoblin barely misses you. The hobgoblin closely misses you.
A hobgoblin comes into view.
The goblin hits you but does no damage. The goblin hits you with a +0 club.
You shoot an arrow. The arrow hits the hobgoblin.
You kill the hobgoblin!
The hobgoblin no longer looks unusually strong.
The goblin barely misses you.
You shoot an arrow.
The arrow hits the goblin but does no damage.
A goblin comes into view. It is wielding a +0 dagger.
The goblin barely misses you. The hobgoblin hits you.
You die...

######.. .... ..
#.. ... .. ##. ...
#. #. .. #. #.
###.##) #. ...gg
#. #gg# #. #g@#
..)# #. #).# #..#
## #..#### #..#
#.....# #..#
##.##.# #..#
#.##.# #..#
#.##.### #..######
#...(..# #........
#..###.###..######


You could see 2 hobgoblins and 3 goblins.

Vanquished Creatures
  An adder (D:2)
  2 dart slugs
  2 endoplasms (D:1)
  5 hobgoblins
  4 kobolds
  A quokka (D:1)
  4 ball pythons
  2 bats (D:2)
  A frilled lizard (D:2)
  8 goblins
  3 rats
33 creatures vanquished.

Notes
Turn   | Place    | Note
-------+----------+-------------------------------------------
     0 | D:1      | qw the Deep Elf Hunter began the quest for the Orb.
     0 | D:1      | Reached XP level 1. HP: 12/12 MP: 3/3
     0 | D:1      | 0 ||| qw: Version: 0.3-a-155-g5e7d8dd
     0 | D:1      | 0 ||| qw: Game counter: 2719
     0 | D:1      | 0 ||| qw: Melee chars always use a shield: true
     0 | D:1      | 0 ||| qw: God list: Okawaru
     0 | D:1      | 0 ||| qw: Allow faded altars: false
     0 | D:1      | 0 ||| qw: Do Orc after clearing Dungeon:15 true
     0 | D:1      | 0 ||| qw: Do second Lair branch before Depths: true
     0 | D:1      | 0 ||| qw: Lair rune preference: random
     0 | D:1      | 0 ||| qw: Goals: Normal
     0 | D:1      | 0 ||| PLANNING D:1-11
    65 | D:1      | Reached XP level 2. HP: 16/16 MP: 4/4
   108 | D:1      | Reached skill level 6 in Ranged Weapons
   683 | D:1      | 683 ||| UPGRADING to +0 ring mail.
   693 | D:1      | 693 ||| DROPPING +0 leather armour.
   694 | D:1      | 694 ||| READING scroll labelled WEJUTHUWYT.
   695 | D:1      | 695 ||| READING scroll labelled WIFFAILYVU.
   696 | D:1      | 696 ||| DROPPING scroll of butterflies.
   826 | D:2      | Reached XP level 3. HP: 20/20 MP: 5/5
  1103 | D:2      | Noticed Robin
  1109 | D:2      | Reached skill level 7 in Ranged Weapons
  1116 | D:2      | HP: 4/20 [hobgoblin[Robin] (2)]
  1117 | D:2      | HP: 1/20 [goblin/+0 club[Robin] (4)]
  1119 | D:2      | Slain by a hobgoblin

Levels and vault maps discovered:
D:1:      onia_arrival_pyramid, layout_loops_ring, hex_medium,
          grunt_decor_clamped, minmay_misc_feat_tiny
D:2:      layout_loops_ring, grunt_ministairs_2, uniq_robin

Skill      XL: |  1  2  3 |
---------------+----------+-----
Ranged Weapons | 6 7 |  7.0
Fighting       | |  1.5
Dodging        | |  2.4
Stealth        | |  1.2

Action                     || total
---------------------------++-------
   Fire: Shortbow          ||    89
    Use: Scroll            ||     2
 Armour: Ring mail         ||    31
         Leather armour    ||     4
  Dodge: Dodged            ||    43

Table legend:
 A = Non-vault XP
 B = Vault XP
 C = Vault XP percentage of total XP
 D = Non-vault monster count
 E = Vault monster count
 F = Vault count percentage of total count
                 A         B        C        D         E       F
            +---------+---------+-------+---------+---------+-------
      Total |      52 |      17 |  24.6 |      24 |       9 |  27.3
            +---------+---------+-------+---------+---------+-------
        D:1 |      25 |       0 |   0.0 |      14 |       0 |   0.0
        D:2 |      27 |      17 |  38.6 |      10 |       9 |  47.4
            +---------+---------+-------+---------+---------+-------
